 Dungeon Sprint DCSS version 0.30.1-9-gdf580d7c3d (webtiles) character file.

Game seed: 5795648528225759039

1607 Heoruswealwe the Phalangite (level 8, -3/64 HPs)
             Began as a Minotaur Fighter on Sept 27, 2023.
             Was an Initiate of Gozag.
             Slain by a troll (10 damage)
             ... in the Dungeon (Sprint IX: "|||||||||||||||||||||||||||||").
             The game lasted 00:04:15 (165 turns).

Heoruswealwe the Phalangite (Minotaur Fighter)       Turns: 165, Time: 00:04:16

Health: -3/64      AC: 10    Str: 26    XL:     8   Next: 63%
Magic:  7/7        EV: 10    Int:  5    God:    Gozag
Gold:   405        SH:  0    Dex: 10    Spells: 7/7 levels left

rFire   . . .        b - +2 halberd (venom)
rCold   . . .        (shield currently unavailable)
rNeg    . . .        c - +0 scale mail
rPois   .            (helmet restricted)
rElec   .            h - +0 cloak
rCorr   .            (no gloves)
SInv    .            (no boots)
Will    .....        (no amulet) Stlth
                     k - +3 ring of strength
HPRegen 0.30/turn    j - +2 ring of protection
MPRegen 0.10/turn

%: no teleportation
@: gold aura
A: horns 2, retaliatory headbutt
a: Renounce Religion, Potion Petition, Call Merchant, Bribe Branch


You were in the Dungeon.
You worshipped Gozag.
Gozag was aware of your devotion.
You visited 1 branch You collected 405 gold pieces.

Inventory:

Hand Weapons
 a - a +0 trident
 b - a +2 halberd of venom (weapon)
Armour
 c - a +0 scale mail (worn)
 d - a +0 buckler
 h - a +0 cloak (worn)
Jewellery
 j - a +2 ring of protection (right hand)
 k - a +3 ring of strength (left hand)
Wands
 l - a wand of iceblast (10)
Scrolls
 m - 2 scrolls of blinking
Potions
 e - 5 potions of curing
 g - a potion of haste
 i - a potion of might


   Skills:
 - Level 3.6 Fighting
 + Level 22.0 Polearms
 - Level 3.6 Armour
 - Level 3.6 Shields


You had 7 spell levels left.
You didn't know any spells.
Your spell library was empty.

Dungeon Overview and Level Annotations

Branches:
Dungeon (1/1)

Altars:
Cheibriados
Dithmenos
Elyvilon
Fedhas
Gozag
Hepliaklqana
Kikubaaqudgha
Makhleb
Nemelex Xobeh
Okawaru
Qazlal
Ru
Sif Muna
Trog
Uskayaw
Vehumet
Wu Jian
Xom
Yredelemnul
Zin
The Shining One
Jiyva
Lugonu


Innate Abilities, Weirdness & Mutations

You have a pair of horns on your head.
You reflexively headbutt those who attack you in melee.


Message History

* * * LOW HITPOINT WARNING * * *
The centaur warrior kicks you but does no damage.
You impale the centaur warrior!!
The centaur warrior looks as sick as possible!
Your headbutt misses the centaur warrior.
The centaur warrior is severely wounded.
The centaur warrior hits you.
* * * LOW HITPOINT WARNING * * *
The centaur warrior kicks you but does no damage.
You barely miss the centaur warrior.
The centaur warrior is almost dead.
The centaur warrior hits you.
* * * LOW HITPOINT WARNING * * *
The centaur warrior kicks you but does no damage.
You feel much better. The centaur warrior hits you!
The centaur warrior kicks you but does no damage.
The centaur warrior hits you but does no damage.
The centaur warrior kicks you but does no damage.
You hit the centaur warrior.
You kill the centaur warrior!
Your Polearms skill gained 2 levels and is now at level 22!
Reach: b) +2 halberd (venom)
Press: ? - help, Dir - move target, f - troll
Aim: a troll (about 34% to evade your +2 halberd of venom)
You reach to attack!
You closely miss the troll.
The troll is distracted by your dazzling golden aura.
You barely miss the troll.
The troll is no longer distracted by gold.
The troll bites you!
* * * LOW HITPOINT WARNING * * *
The troll barely misses you. The troll claws you.
* * * LOW HITPOINT WARNING * * *
You slash the troll!
The troll looks as sick as possible!
You headbutt the troll, but do no damage.
The troll is moderately wounded.
You hit the troll.
The troll is moderately wounded.
The troll bites you!
You die...
Your body crumbles into a pile of gold. ▓▓▓▓▓▓▓▓▓▓▓▓▓▓▓▓▓▓▓▓▓▓▓▓ !?).[.[..)).....@Tcu9T.+ ▓▓▓▓▓▓▓▓▓▓▓▓▓▓▓▓▓▓▓▓▓▓▓▓ $ $$$$ $ $ $ $$$$$

You could see a red ugly thing, a centaur warrior, 2 trolls and a gargoyle.

Vanquished Creatures
  A centaur warrior (D)
  A two-headed ogre (D)
  2 ogres (D)
  A kobold brigand (D)
  A scorpion (D)
  A howler monkey (D)
  A hound (D)
  3 orc wizards (D)
  An adder (D)
  2 ball pythons (D)
  An endoplasm (D)
  A goblin (D)
  A bat (D)
17 creatures vanquished.

Notes
Turn   | Place    | Note
-------+----------+-------------------------------------------
     0 | D        | Heoruswealwe the Minotaur Fighter began the quest for the
                  | Orb.
     0 | D        | Reached XP level 1. HP: 19/19 MP: 0/0
     8 | D        | Reached skill level 3 in Polearms
    12 | D        | Reached skill level 4 in Polearms
    17 | D        | Reached skill level 5 in Polearms
    23 | D        | Noticed an ogre
    23 | D        | Noticed a hound
    23 | D        | Noticed a scorpion
    23 | D        | Noticed an ogre
    27 | D        | Killed an ogre
    28 | D        | Reached skill level 10 in Polearms
    28 | D        | Reached XP level 2. HP: 26/26 MP: 1/1
    28 | D        | Reached XP level 3. HP: 31/31 MP: 2/2
    28 | D        | Reached XP level 4. HP: 39/39 MP: 3/3
    32 | D        | Reached skill level 11 in Polearms
    33 | D        | Killed a scorpion
    34 | D        | Reached skill level 13 in Polearms
    34 | D        | Reached XP level 5. HP: 45/45 MP: 4/4
    40 | D        | Killed an ogre
    41 | D        | Reached skill level 14 in Polearms
    43 | D        | Reached XP level 6. HP: 42/51 MP: 5/5
    49 | D        | Found a snail-covered altar of Cheibriados.
    49 | D        | Found a shadowy altar of Dithmenos.
    49 | D        | Found a white marble altar of Elyvilon.
    49 | D        | Found a blossoming altar of Fedhas.
    49 | D        | Found an opulent altar of Gozag.
    50 | D        | Found a hazy altar of Hepliaklqana.
    51 | D        | Found a viscous altar of Jiyva.
    52 | D        | Found an ancient bone altar of Kikubaaqudgha.
    53 | D        | Found a corrupted altar of Lugonu.
    54 | D        | Found a burning altar of Makhleb.
    55 | D        | Found a sparkling altar of Nemelex Xobeh.
    56 | D        | Found an iron altar of Okawaru.
    57 | D        | Became a worshipper of Gozag Ym Sagoz the Greedy
    58 | D        | Found a stormy altar of Qazlal.
    59 | D        | Found a sacrificial altar of Ru.
    60 | D        | Found a shimmering blue altar of Sif Muna.
    61 | D        | Found a bloodstained altar of Trog.
    62 | D        | Found a hide-covered altar of Uskayaw.
    63 | D        | Found a radiant altar of Vehumet.
    64 | D        | Found an ornate altar of the Wu Jian Council.
    65 | D        | Found a shimmering altar of Xom.
    66 | D        | Found a basalt altar of Yredelemnul.
    67 | D        | Found a glowing silver altar of Zin.
    68 | D        | Found a glowing golden altar of the Shining One.
   108 | D        | Noticed a two-headed ogre
   110 | D        | Reached skill level 15 in Polearms
   114 | D        | Reached skill level 16 in Polearms
   121 | D        | Killed a two-headed ogre
   122 | D        | Reached skill level 20 in Polearms
   122 | D        | Reached XP level 7. HP: 31/57 MP: 6/6
   128 | D        | Reached XP level 8. HP: 31/64 MP: 7/7
   152 | D        | Noticed a centaur warrior
   152 | D        | Noticed a troll
   152 | D        | Noticed a centaur warrior
   152 | D        | Noticed a red ugly thing
   152 | D        | Noticed a gargoyle
   152 | D        | Noticed a troll
   161 | D        | Killed a centaur warrior
   162 | D        | Reached skill level 22 in Polearms
   165 | D        | Slain by a troll

Illustrated notes

Levels and vault maps discovered:
D:        linesprint [early_d, line_temple, items_1, d_10, items_2, lair_1,
          lair_end, items_3, orc_1, orc_end, items_4, d_15, swamp_1, shoals_1,
          snake_1, spider_1, d_20, vaults_1, items_5, swamp_end, shoals_end,
          snake_end, spider_end, vaults_end, d_27, items_6, zot_1, zot_end,
          crypt_end, forest_end, elf_end, slime_end, tomb_end, abyss_end,
          pan_hell_end]

Skill      XL: |  1  2  3  4  5  6  7  8 |
---------------+-------------------------+-----
Polearms       | 10 13 14 20 22 | 22.0
Fighting       | |  3.6
Armour         | |  3.6
Shields        | |  3.6

Action                     |  1- 3 |  4- 6 |  7- 9 || total
---------------------------+-------+-------+-------++-------
  Melee: Trident           |    15 |    15 |       ||    30
         Headbutt          |     1 |     5 |     2 ||     8
         Halberd           |       |    11 |    25 ||    36
    Use: Potion            |     1 |     1 |     2 ||     4
 Armour: Scale mail        |     5 |       |    13 ||    18
  Dodge: Dodged            |     5 |     5 |     4 ||    14
  Block: Buckler           |     4 |     1 |       ||     5
